Map: Data-C

Players

A.I. 1 (Very Easy) - Winner!

  • Race: Terran Terran
  • Spawn Location: 3:00

Xana

  • Race: Zerg Zerg
  • League: Bronze
  • Spawn Location: 9:00

VOD

Have the link to the VOD?

Description

Time

  • Played on: Aug. 12, 2022, 7:44 a.m.
  • Length: 6:19
Show
View Real Time Build Order
Export as new Build Order

A.I. 1 (Very Easy) Terran - Winner!

Build Orders: Reaper Expand 

Get SALT Encoding   

  12  0:00  SCV  
  13  0:13  SCV  
  14  0:18  Supply Depot  
  14  0:42  Barracks  
  14  1:03  Command Center  
  14  1:31  Orbital Command  
  14  1:32  Marine, Supply Depot  
  15  1:38  Refinery  
  15  1:50  Refinery  
  15  1:57  SCV  
  16  2:09  SCV  
  16  2:15  SCV  
  18  2:18  Reaper  
  18  2:22  SCV  
  20  2:29  SCV  
  21  2:36  SCV  
  22  2:43  SCV  
  23  2:51  SCV  
  24  2:52  Refinery  
  24  2:57  Marine  
  24  2:58  SCV  
  26  3:05  SCV  
  27  3:12  SCV  
  28  3:19  Factory  
  29  3:20  SCV  
  29  3:37  Marine  
  29  3:42  Refinery  
  29  3:43  SCV  
  30  3:50  SCV  
  31  3:57  SCV  
  31  4:00  Supply Depot  
  32  4:05  SCV  
  32  4:06  Starport  
  32  4:12  SCV  
  33  4:18  Reaper  
  33  4:19  SCV  
  35  4:26  SCV  
  36  4:33  SCV  
  37  4:40  SCV  
  37  4:43  Starport Tech Lab  
  38  4:47  SCV  
  38  4:52  Supply Depot, Barracks Tech Lab  
  39  4:55  SCV  
  40  5:02  SCV  
  40  5:03  Raven  
  43  5:09  SCV  
  43  5:10  Marine  
  45  5:16  SCV  
  46  5:23  SCV  
  47  5:30  SCV  
  50  5:50  Marine  
  50  5:57  SCV  
Show
View Real Time Build Order
Export as new Build Order

Xana Zerg 

Build Orders: Hatch First 

Get SALT Encoding   

  12  0:00  Drone  
  13  0:12  Overlord  
  13  0:17  Drone  
  14  0:30  Drone x2  
  16  0:50  Hatchery  
  16  0:52  Drone  
  16  0:56  Drone  
  17  0:59  Drone  
  18  1:11  Extractor  
  18  1:14  Spawning Pool  
  18  1:17  Drone  
  17  1:21  Drone  
  18  1:28  Drone  
  19  1:38  Drone  
  20  1:49  Drone  
  21  2:01  Queen  
  21  2:02  Queen  
  21  2:03  Zergling x4  
  27  2:10  Overlord  
  27  2:16  Metabolic Boost  
  27  2:32  Drone, Hatchery  
  27  2:33  Drone  
  27  2:36  Drone  
  29  2:45  Queen  
  29  2:50  Overlord  
  31  2:53  Drone  
  31  2:55  Drone  
  33  2:58  Drone  
  33  3:01  Drone  
  33  3:02  Drone  
  36  3:15  Overlord x2  
  36  3:21  Roach Warren  
  36  3:23  Drone  
  36  3:24  Drone  
  36  3:25  Drone  
  38  3:34  Queen  
  38  3:36  Drone x2  
  38  3:38  Drone  
  38  3:40  Drone  
  44  3:44  Drone  
  44  3:48  Queen  
  45  3:52  Overlord  
  47  3:56  Overlord  
  47  4:03  Extractor  
  47  4:04  Drone  
  47  4:05  Drone x2  
  47  4:06  Drone  
  50  4:11  Lair  
  50  4:16  Evolution Chamber  
  49  4:18  Drone x2, Evolution Chamber  
  50  4:34  Overlord x2  
  50  4:36  Drone  
  50  4:37  Drone x6  
  57  4:43  Spore Crawler  
  56  4:47  Spore Crawler  
  56  4:49  Drone  
  56  4:51  Drone  
  57  5:00  Spore Crawler  
  56  5:08  Overlord x2  
  56  5:10  Drone x5  
  61  5:17  Drone  
  61  5:18  Drone  
  61  5:19  Drone, Extractor  
  63  5:22  Drone  
  63  5:23  Drone x2  
  63  5:24  Extractor  
  63  5:25  Drone  
  66  5:32  Drone x3, Extractor  
  66  5:34  Drone x2  
  66  5:35  Drone, Extractor  
  70  5:46  Drone  
  70  5:49  Overlord x3  
  71  5:50  Overlord  
  71  5:51  Overlord  
  71  5:52  Overlord  
  71  6:03  Drone x5  
Tags
 
Add a new tag
Caveats
  • Supply blocks, unpowered buildings, or Contaminate may cause inaccurate times.
  • Supply counts are checked every 10 seconds.